 Dungeon Crawl Stone Soup version 0.20.0 (webtiles) character file.

2374 Danakh the Chopper (level 9, -3/57 HPs)
             Began as a Gargoyle Fighter on June 3, 2017.
             Was a Follower of Ru.
             Slain by an orc knight
             ... wielding a +0 glaive
              (15 damage)
             ... in a bailey.
             The game lasted 00:22:24 (5310 turns).

Danakh the Chopper (Gargoyle Fighter)               Turns: 5310, Time: 00:22:25

Health: -3/57      AC: 25    Str: 30    XL:     9   Next: 45%
Magic:  9/9        EV:  6    Int:  9    God:    Ru [*.....]
Gold:   332        SH: 12    Dex: 14    Spells: 8/8 levels left

rFire    . . .     SeeInvis .   I - +1 war axe (freeze)
rCold    + . .     Gourm    .   c - +0 shield
rNeg     + . .     Faith    .   L - +0 plate armour (curse)
rPois    ∞         Spirit   .   l - +0 helmet
rElec    +         Reflect  .   p - +0 cloak
rCorr    .         Harm     .   E - +0 pair of gloves
MR       .....                  r - +2 pair of boots
Stlth    ..........             u - amulet of regeneration
Regen    0.6/turn               h - ring of protection from cold
MPRegen  0.2/turn               G - +2 ring of strength

@: mighty, agile
A: negative energy resistance 1, electricity resistance, unbreathing,
petrification resistance, rot immunity, reduced EV 1, AC +5
a: Renounce Religion


You were in a bailey.
You worshipped Ru.
Ru was aware of your devotion.
You were not hungry.

You visited 2 branches of the dungeon, and saw 8 of its levels.
You also visited: Bailey.

You collected 332 gold pieces.

Inventory:

Hand Weapons
 a - a +0 war axe
 I - a +1 war axe of freezing (weapon)
 P - the +3 trident "Urexkas" {vamp, rElec}
   (You found it on level 4 of the Dungeon)

   It inflicts no extra harm, but heals its wielder when it wounds a living foe.
   It insulates you from electricity.
Armour
 b - a +0 scale mail
 c - a +0 shield (worn)
 l - a +0 helmet (worn)
 p - a +0 cloak (worn)
 r - a +2 pair of boots (worn)
 E - a +0 pair of gloves (worn)
 L - a cursed +0 plate armour (worn)
 V - a +0 crystal plate armour
Jewellery
 h - a ring of protection from cold (left hand)
 n - an uncursed ring of resist corrosion
 s - an uncursed ring of ice
 u - an amulet of regeneration (around neck)
 G - a +2 ring of strength (right hand)
Wands
 H - a wand of polymorph (2/24)
 J - a wand of random effects (12/48)
 S - a wand of iceblast (5/15)
Scrolls
 g - 4 scrolls of teleportation {unknown}
 i - 8 scrolls of identify {unknown}
 k - 5 scrolls of recharging {unknown}
 m - 9 scrolls of remove curse {unknown}
 q - 2 scrolls of magic mapping {unknown}
 t - 2 scrolls of noise {unknown}
 v - 2 scrolls of fear {unknown}
 w - a scroll of immolation {unknown}
 x - 4 scrolls of amnesia {unknown}
 y - a scroll of fog {unknown}
 K - a scroll of blinking {unknown}
 U - a scroll of acquirement {unknown}
Potions
 d - 3 potions of might
 e - a potion of heal wounds {unknown}
 j - 3 potions of agility
 o - 2 potions of ambrosia {unknown}
 z - 5 potions of curing
 A - a potion of degeneration {unknown}
 D - a potion of flight {unknown}
 F - a potion of magic {unknown}
 M - a potion of mutation {unknown}
 O - a potion of haste {unknown}
 Q - a potion of invisibility {unknown}
 W - a potion of berserk rage {unknown}
 X - a potion of resistance
Books
 B - a book of Necromancy

   Spells                             Type                      Level
   a - Pain                           Necromancy                   1
   b - Animate Skeleton               Necromancy                   1
   c - Vampiric Draining              Necromancy                   3
   d - Regeneration                   Charms/Necromancy            3
   e - Animate Dead                   Necromancy                   4
   f - Control Undead                 Necromancy                   4
 R - a book of Conjurations

   Spells                             Type                      Level
   a - Magic Dart                     Conjuration                  1
   b - Searing Ray                    Conjuration                  2
   c - Dazzling Spray                 Conjuration/Hexes            3
   d - Fulminant Prism                Conjuration/Hexes            4
   e - Force Lance                    Conjuration/Translocation    4
   f - Iskenderun's Mystic Blast      Conjuration                  4
Comestibles
 f - 4 bread rations
 C - a royal jelly
 N - a meat ration
 T - 2 chunks of flesh


   Skills:
 + Level 7.1 Fighting
 * Level 7.3 Axes
 + Level 6.9 Armour
 + Level 6.7 Shields


You had 8 spell levels left.
You didn't know any spells.

Dungeon Overview and Level Annotations

Branches:
Dungeon (7/15)             Temple (1/1) D:5

Altars:
Ashenzari
Cheibriados
Dithmenos
Elyvilon
Fedhas
Gozag
Kikubaaqudgha
Makhleb
Nemelex Xobeh
Okawaru
Qazlal
Ru
Sif Muna
Trog
Vehumet
Xom
Yredelemnul
Zin
The Shining One


Innate Abilities, Weirdness & Mutations

You are resistant to torment.
Your stone body is resilient. (AC +5)
You are immune to poison.
You resist negative energy. (rN+)
You are resistant to electric shocks. (rElec)
You can survive without breathing.
You are immune to petrification.
You are immune to rotting.
You have somewhat slow reflexes. (EV -5)


Message History

You feel very mighty all of a sudden. You block the orc knight's attack.
The orc knight hits you with a glaive!
* * * LOW HITPOINT WARNING * * *
You closely miss the orc knight.
The orc knight is lightly wounded.
You block the orc knight's attack.
You hit the orc knight but do no damage.
The orc knight is lightly wounded.
You block the orc knight's attack.
You slash the orc knight! You freeze the orc knight.
The orc knight is moderately wounded.
You slice the orc knight!! You freeze the orc knight!
The orc knight is severely wounded.
The orc knight hits you with a glaive.
* * * LOW HITPOINT WARNING * * *
You hit the orc knight but do no damage.
The orc knight is severely wounded.
The orc knight hits you with a glaive!
You die...

## ############ .##
##........∩.##
..######...).)......#
..#.)..#..))).......#
..))).))).)))))....∩#
..#..))#)..)........#
..######............#
.## ##......o@∩.## ##
############


You could see an orc knight.

Vanquished Creatures
  Grinder (D:3)
  The ghost of MatthieuS the Caller, an amateur TeSu of Sif Muna (D:4)
  The ghost of ultrashaft the Ruffian, an amateur NaTm (D:3)
  Edmund (D:4)
  Purgy (D:4)
  A water moccasin (D:5)
  6 orc warriors (Bailey)
  An ogre (D:5)
  2 howler monkeys
  2 crimson imps
  5 hounds
  A jelly (D:6)
  A centaur skeleton (D:5)
  3 orc priests
  Jessica (D:2)
  Natasha (thrice) (D:4)
  An orc wizard (D:5)
  5 worker ants
  A howler monkey zombie (D:5)
  A worker ant zombie (D:5)
  Robin (D:4)
  4 adders
  5 shadow imps
  A worm (D:3)
  5 dart slugs
  A leopard gecko (D:2)
  47 orcs
  5 bats
  2 giant cockroaches
  17 goblins
  6 hobgoblins
  4 jackals (D:4)
  7 kobolds
  3 quokkas
  2 ball pythons
  A ball python zombie (D:5)
  3 frilled lizards
  2 leopard gecko zombies (D:5)
  4 rats
159 creatures vanquished.

Vanquished Creatures (others)
  A kobold (D:3)
1 creature vanquished.

Grand Total: 160 creatures vanquished

Notes
Turn   | Place    | Note
-------+----------+-------------------------------------------
     0 | D:1      | Danakh the Gargoyle Fighter began the quest for the Orb.
     0 | D:1      | Reached XP level 1. HP: 14/14 MP: 1/1
   186 | D:1      | Reached XP level 2. HP: 19/19 MP: 2/2
   507 | D:1      | Reached XP level 3. HP: 23/23 MP: 3/3
   729 | D:2      | Found a radiant altar of Vehumet.
   788 | D:2      | Noticed Jessica
   795 | D:2      | Killed Jessica
  1020 | D:2      | Found a shattered altar of Ashenzari.
  1023 | D:2      | Found a stormy altar of Qazlal.
  1037 | D:2      | Found a snail-covered altar of Cheibriados.
  1039 | D:2      | Reached XP level 4. HP: 29/29 MP: 4/4
  1043 | D:2      | Found an iron altar of Okawaru.
  1268 | D:3      | Noticed ultrashaft's ghost (amateur NaTm)
  1284 | D:3      | Killed ultrashaft's ghost
  1284 | D:3      | Reached XP level 5. HP: 26/33 MP: 5/5
  1418 | D:3      | Found a stormy altar of Qazlal.
  1615 | D:3      | Reached XP level 6. HP: 36/39 MP: 6/6
  1631 | D:3      | Noticed Grinder
  1639 | D:3      | Paralysed by Grinder for 7 turns
  1666 | D:3      | Killed Grinder
  1666 | D:3      | Reached XP level 7. HP: 27/44 MP: 7/7
  2179 | D:4      | Noticed Robin
  2195 | D:4      | Noticed Edmund
  2209 | D:4      | Killed Robin
  2211 | D:4      | Reached skill level 5 in Armour
  2237 | D:4      | Killed Edmund
  2237 | D:4      | Reached skill level 5 in Fighting
  2237 | D:4      | Reached skill level 5 in Shields
  2296 | D:4      | Noticed MatthieuS's ghost (amateur TeSu)
  2319 | D:4      | Killed MatthieuS's ghost
  2319 | D:4      | Reached skill level 5 in Axes
  2396 | D:4      | Reached XP level 8. HP: 49/49 MP: 8/8
  2407 | D:4      | Noticed Natasha
  2407 | D:4      | Noticed Purgy
  2419 | D:4      | Killed Natasha
  2437 | D:4      | Killed Purgy
  2694 | D:4      | Got a scorched trident
  2774 | D:4      | Noticed Natasha
  2779 | D:4      | Killed Natasha
  2824 | D:4      | Noticed Natasha
  2833 | D:4      | Killed Natasha
  2938 | D:4      | Identified the +3 trident "Urexkas" {vamp, rElec} (You found it on level 4 of the Dungeon)
  2940 | D:5      | Entered Level 5 of the Dungeon
  3190 | D:5      | Found a blossoming altar of Fedhas.
  3277 | D:5      | Found a staircase to the Ecumenical Temple.
  3289 | Temple   | Entered the Ecumenical Temple
  3490 | Temple   | Became a worshipper of Ru the Awakened
  3577 | D:5      | Found a shadowy altar of Dithmenos.
  3995 | D:6      | Reached XP level 9. HP: 56/56 MP: 9/9
  4750 | D:7      | Found a flagged portal.
  4754 | D:7      | Gained mutation: You have somewhat slow reflexes. (EV -5) [Ru sacrifice]
  4754 | D:7      | Reached * piety under Ru
  4757 | Bailey   | Entered a bailey
  5134 | Bailey   | Noticed an orc knight
  5310 | Bailey   | Slain by an orc knight

Skill      XL: |  1  2  3  4  5  6  7  8  9 |
---------------+----------------------------+-----
Axes           | 2 3 4 5 6 7 |  7.3
Fighting       | 4 5 6 7 |  7.1
Armour         | 4 5 6 |  6.9
Shields        | 4 5 6 |  6.7

Action                   |  1- 3 |  4- 6 |  7- 9 || total
-------------------------+-------+-------+-------++-------
Melee: War axe           |    84 |    82 |   355 ||   521
       Unarmed           |       |       |    14 ||    14
       Trident           |       |       |    30 ||    30
Invok: Sacrifice Health  |       |       |     1 ||     1
  Use: Potion            |       |       |     2 ||     2
  Eat: Chunk             |     1 |     2 |    11 ||    14
       Meat ration       |       |       |     1 ||     1
       Fruit             |       |       |     1 ||     1
Armor: Scale mail        |    46 |    56 |    35 ||   137
       Plate armour      |       |       |   273 ||   273
       Skin              |       |       |     1 ||     1
Dodge: Dodged            |    18 |    39 |    87 ||   144
Block: Shield            |    62 |    45 |   253 ||   360
